 Dungeon Crawl Stone Soup version 0.28.0-43-g3370ac3207 (webtiles) character file.

Game seed: 5009858138733684292

2149 H0rd4k the Thaumaturge (level 9, -5/47 HPs)
             Began as a Deep Elf Hedge Wizard on Mar 22, 2022.
             Was an Initiate of Gozag.
             Slain by a wyvern (14 damage)
             ... on level 7 of the Dungeon.
             The game lasted 00:12:38 (10107 turns).

H0rd4k the Thaumaturge (Deep Elf Hedge Wizard)     Turns: 10107, Time: 00:12:38

Health: -5/47      AC:  6    Str:  4 (7)  XL:     9   Next: 10%
Magic:  21/25      EV: 13    Int: 22 (24) God:    Gozag
Gold:   308        SH:  0    Dex: 12 (14) Spells: 20/29 levels left

rFire   . . .      SeeInvis .   a - +0 dagger
rCold   . . .      Faith    .   (no shield)
rNeg    . . .      Spirit   .   b - +0 robe
rPois   .          Reflect  .   c - +0 hat
rElec   .          Harm     .   (no cloak)
rCorr   .          Rampage  .   (no gloves)
Will    .....                   (no boots)
Stlth   ++........              (no amulet)
HPRegen 0.15/turn               g - +4 ring of protection
MPRegen 0.19/turn               (no ring)

@: on blink cooldown
A: no striking features
a: Renounce Religion, Potion Petition, Call Merchant, Bribe Branch


You were on level 7 of the Dungeon.
You worshipped Gozag.
Gozag was aware of your devotion.
You visited 2 branches of the dungeon, and saw 9 of its levels.

You collected 380 gold pieces.
You paid 72 gold pieces to Gozag.

Inventory:

Hand Weapons
 a - a +0 dagger (weapon)
Missiles
 k - a throwing net
Armour
 b - a +0 robe (worn)
 c - a +0 hat (worn)
Jewellery
 g - a +4 ring of protection (left hand)
Wands
 o - a wand of digging (8)
Scrolls
 d - a scroll of fear {unknown}
 e - 3 scrolls of noise {unknown}
 h - 6 scrolls of identify {unknown}
 i - 2 scrolls of enchant weapon {unknown}
 j - 3 scrolls of vulnerability {unknown}
 n - 4 scrolls of teleportation {unknown}
 q - 2 scrolls of holy word {unknown}
 u - a scroll of fog {unknown}
 w - a scroll of amnesia {unknown}
 x - a scroll of torment {unknown}
 y - a scroll of enchant armour {unknown}
Potions
 f - 2 potions of lignification {unknown}
 l - 3 potions of curing {unknown}
 m - 2 potions of degeneration
 p - a potion of invisibility {unknown}
 r - a potion of resistance {unknown}
 s - 2 potions of mutation {unknown}
 t - a potion of cancellation {unknown}
 v - a potion of might {unknown}
 z - a potion of haste
 A - a potion of ambrosia {unknown}


   Skills:
 + Level 1.5 Fighting
 + Level 4.1 Dodging
 - Level 2.4 Stealth
 + Level 10.9 Spellcasting
 + Level 7.0 Conjurations
 + Level 1.1 Summonings
 + Level 1.5 Translocations
 + Level 3.4 Fire Magic
 + Level 2.9 Air Magic
 + Level 2.7 Poison Magic


You had 20 spell levels left.
You knew the following spells:

 Your Spells              Type           Power      Damage    Failure   Level
a - Magic Dart            Conj           100%       1d8       1%          1
b - Blink                 Tloc           36%        N/A       4%          2
c - Conjure Flame         Conj/Fire      35%        6-21      1%          3
d - Mephitic Cloud        Conj/Pois/Air  30%        N/A       3%          3

Your spell library contained the following spells:

 Spells                   Type           Power      Damage    Failure   Level
 Slow                     Hex            48%        N/A       5%          1
 Call Imp                 Summ           16%        N/A       5%          2


Dungeon Overview and Level Annotations

Branches:
Dungeon (8/15)             Temple (1/1) D:6
   Lair: D:8-11

Altars:
Ashenzari
Gozag
Xom
Yredelemnul

Shops:
D:5 *   D:6 **

Annotations:
D:1 exclusion: 2 downstairs
D:2 Sigmund
D:3 exclusion: downstairs
D:4 exclusion: downstairs
D:7 exclusions: deep elf pyromancer and 2 downstairs, Maggie


Message History

The wyvern bites you but does no damage.
You climb upwards.
Level annotation: exclusions: deep elf pyromancer and 2 downstairs, Maggie
There is a stone staircase leading down here.
Unknown command.
Casting: Magic Dart (safe; 1% risk of failure)
Confirm with . or Enter, or press ? or * to list all spells.
You blink.
The wyvern barely misses you. The wyvern bites you.
The wyvern barely misses you.
You feel stable enough to blink again. The wyvern bites you!
Casting: Blink (safe; 3% risk of failure)
Confirm with . or Enter, or press ? or * to list all spells.
You blink.
The wyvern bites you!
* * * LOW HITPOINT WARNING * * *
Casting: Blink (safe; 3% risk of failure)
Confirm with . or Enter, or press ? or * to list all spells.
You are still too unstable to blink.
The wyvern bites you but does no damage.
Okay, then.
The wyvern closely misses you.
Unknown command.
You feel stable enough to blink again.
There is a fountain of clear blue water here.
Unknown command.
Casting: Blink (safe; 3% risk of failure)
Confirm with . or Enter, or press ? or * to list all spells.
You blink.
Saving game... please wait.
Level annotation: exclusions: deep elf pyromancer and 2 downstairs, Maggie Welcome back, H0rd4k the Deep Elf Hedge Wizard.
Gozag says: Greed is good.
Press ? for a list of commands and other information.
Unknown command.
It was a potion of degeneration.
There was something very wrong with that liquid.
You feel weakened.
You feel dopey.
You feel clumsy. The wyvern bites you!
You die...
Your body crumbles into a pile of gold.

#.........#
##...##.###
###..#.########
##..........#
#..........########
##................#
#.........######.##
#.........######..#
#........##@..###[#
#.......##⌠l>.⌠##.#
#.......#.......#.#
#########.>.§.....#
#.......###
##⌠.<.⌠## ##...##
#####


You could see a wyvern.

Vanquished Creatures
  A steam dragon (D:7)
  An orc warrior (D:7)
  A black bear (D:6)
  A necrophage (D:5)
  3 sky beasts
  2 ogres
  A centaur (D:8)
  A bullfrog (D:7)
  2 scorpions
  2 wyvern zombies
  A water moccasin skeleton (D:4)
  2 bullfrog zombies
  3 jellies (D:7)
  4 hounds
  An orc priest (D:3)
  2 bullfrog skeletons (D:5)
  2 iguanas
  2 orc wizards
  A hound zombie (D:5)
  3 hound skeletons
  5 gnolls
  A howler monkey skeleton (D:4)
  17 adders
  2 white imps (D:6)
  An ufetubus (D:5)
  4 dart slugs
  19 orcs
  3 ball pythons
  5 endoplasms
  4 giant cockroaches
  5 goblins
  8 hobgoblins
  3 quokkas
  A bat (D:2)
  3 frilled lizards
  4 kobolds
  A quokka skeleton (D:4)
  10 rats
132 creatures vanquished.

Vanquished Creatures (others)
  2 electric eels (D:7)
2 creatures vanquished.

Grand Total: 134 creatures vanquished

Notes
Turn   | Place    | Note
-------+----------+-------------------------------------------
     0 | D:1      | H0rd4k the Deep Elf Hedge Wizard began the quest for the
                  | Orb.
     0 | D:1      | Reached XP level 1. HP: 10/10 MP: 7/7
   416 | D:1      | Reached XP level 2. HP: 15/15 MP: 4/9
   443 | D:1      | Reached skill level 5 in Spellcasting
   670 | D:1      | Found a faded altar of an unknown god.
  1476 | D:2      | Reached XP level 3. HP: 19/19 MP: 7/12
  1479 | D:2      | Learned a level 2 spell: Blink
  1483 | D:2      | Learned a level 3 spell: Conjure Flame
  1487 | D:2      | Learned a level 3 spell: Mephitic Cloud
  2302 | D:2      | Reached skill level 6 in Spellcasting
  2515 | D:2      | Reached XP level 4. HP: 24/24 MP: 8/14
  2700 | D:2      | Reached skill level 1 in Air Magic
  2738 | D:2      | Noticed Sigmund
  3220 | D:3      | Reached skill level 1 in Fire Magic
  3220 | D:3      | Reached skill level 1 in Poison Magic
  3220 | D:3      | Reached XP level 5. HP: 28/28 MP: 1/15
  4931 | D:4      | Reached XP level 6. HP: 24/33 MP: 7/17
  5426 | D:4      | Reached skill level 7 in Spellcasting
  5809 | D:5      | Entered Level 5 of the Dungeon
  6204 | D:5      | Noticed a sky beast
  6213 | D:5      | Killed a sky beast
  6214 | D:5      | Reached XP level 7. HP: 37/37 MP: 7/20
  6445 | D:5      | Reached skill level 8 in Spellcasting
  6865 | D:5      | Found Kifi's Assorted Antiques.
  7229 | D:5      | Reached XP level 8. HP: 42/42 MP: 12/22
  7329 | D:5      | Reached skill level 5 in Conjurations
  7638 | D:6      | Found Puhahysm's General Store.
  7641 | D:6      | Found Ethrifaun's Specific Store.
  7736 | D:6      | Reached skill level 1 in Fighting
  7846 | D:6      | Reached skill level 9 in Spellcasting
  8163 | D:6      | Found a staircase to the Ecumenical Temple.
  8287 | Temple   | Entered the Ecumenical Temple
  8331 | Temple   | Became a worshipper of Gozag Ym Sagoz the Greedy
  8826 | D:7      | Noticed a deep elf pyromancer
  8900 | D:7      | Noticed Maggie
  8988 | D:7      | Reached skill level 10 in Spellcasting
  9629 | D:8      | Reached XP level 9. HP: 22/47 MP: 12/25
  9867 | D:8      | Noticed a cyclops
 10107 | D:7      | Slain by a wyvern

Illustrated notes

Levels and vault maps discovered:
D:1:      wander_arrival_peaceful_grave, layout_loops_ring,
          shapermc_ecumenical_altar_pompeii
D:2:      minmay_chambers_of_twos, layout_basic, uniq_sigmund
D:3:      layout_basic, kennysheep_generic_room_10
D:4:      layout_cave_pods
D:5:      layout_loops_cross, serial_shops, shop_fountains, cheibrodos_gnoll_hut
D:6:      layout_loops_ring, minmay_temple_entry_junction_2, chequers_avenue,
          nicolae_specific_store
D:7:      layout_rooms, minmay_misc_feat_roman, grunt_ministairs_7,
          kennysheep_generic_room_2, uniq_maggie
D:8:      layout_loops_ring, erik_lair_island, nrook_mini_vaults, minivault_14,
          uniq_erica, uniq_pikel, uniq_gastronok
Temple:   mainiacjoe_temple_archimedes_tessellation

Skill      XL: |  1  2  3  4  5  6  7  8  9 |
---------------+----------------------------+-----
Spellcasting   | 5 6 7 8 10 | 10.9
Air Magic      | 1 2 |  2.9
Conjurations   | 2 3 4 6 7 |  7.0
Fire Magic     | 1 2 3 |  3.4
Poison Magic   | 1 2 |  2.7
Dodging        | 3 4 |  4.1
Fighting       | 1 |  1.5
Stealth        | |  2.4
Summonings     | |  1.1
Translocations | |  1.5

Action                   |  1- 3 |  4- 6 |  7- 9 || total
-------------------------+-------+-------+-------++-------
 Cast: Magic Dart        |   125 |   190 |   182 ||   497
       Mephitic Cloud    |     1 |     7 |    17 ||    25
       Conjure Flame     |       |     4 |    17 ||    21
       Blink             |       |     1 |     5 ||     6
  Use: Potion            |       |       |     1 ||     1
Armor: Robe              |     6 |     9 |    11 ||    26
Dodge: Dodged            |    25 |    31 |    49 ||   105
